Map: Catalyst LE

Players

IllIIIllIIIl

  • Race: Terran Terran
  • Spawn Location: 11:00

A.I. 1 (Elite) - Winner!

  • Race: Zerg Zerg
  • Spawn Location: 5:00

VOD

Have the link to the VOD?

Description

Time

  • Played on: Dec. 30, 2017, 4:45 p.m.
  • Length: 9:26
Show
View Real Time Build Order
Export as new Build Order

IllIIIllIIIl Terran 

Build Orders: Reaper Expand, Hellion Banshee, Mech 

Get SALT Encoding   

  12  0:01  SCV  
  13  0:13  SCV  
  14  0:17  Supply Depot  
  14  0:25  SCV  
  15  0:29  Refinery  
  15  0:39  SCV  
  16  0:47  Barracks  
  16  0:53  SCV  
  17  1:05  SCV  
  18  1:17  SCV  
  19  1:33  Reaper  
  19  1:34  Orbital Command  
  20  1:45  Command Center  
  20  1:56  Factory  
  20  2:00  SCV  
  21  2:06  Refinery  
  21  2:11  Barracks Reactor  
  21  2:15  SCV  
  22  2:19  Supply Depot  
  22  2:27  SCV  
  23  2:41  SCV  
  24  2:46  Starport  
  24  2:53  SCV  
  24  2:57  Orbital Command, Barracks Tech Lab  
  25  2:59  Hellion  
  25  3:02  Hellion  
  29  3:09  SCV  
  30  3:21  SCV  
  30  3:22  Hellion  
  30  3:23  Hellion  
  35  3:30  Supply Depot, Banshee  
  38  3:34  SCV x2  
  40  3:47  Cyclone x2  
  46  3:53  Supply Depot  
  46  4:02  SCV x2  
  48  4:04  Supply Depot  
  48  4:12  Banshee  
  48  4:14  SCV x2  
  52  4:17  Cloaking Field  
  52  4:20  Hellion  
  52  4:21  Hellion  
  56  4:27  Supply Depot  
  56  4:28  SCV  
  56  4:30  SCV  
  58  4:35  Armory  
  58  4:40  SCV  
  58  4:41  Hellion  
  58  4:42  SCV, Hellion  
  64  4:52  SCV  
  65  4:54  SCV  
  65  4:57  Supply Depot, Banshee  
  69  5:03  Hellion  
  69  5:04  Hellion  
  73  5:08  SCV  
  73  5:09  SCV  
  75  5:19  Command Center  
  75  5:22  Refinery  
  75  5:23  Refinery, SCV x2  
  77  5:35  SCV x2  
  77  5:47  SCV x2  
  79  5:51  Factory  
  79  5:53  Factory  
  79  5:55  Factory  
  79  6:00  Factory  
  79  6:04  SCV x2  
  79  6:06  Banshee  
  80  6:16  SCV x2, Hellion  
  80  6:17  Hellion  
  80  6:18  Terran Vehicle Weapons Level 1  
  86  6:23  Supply Depot  
  86  6:25  Supply Depot  
  86  6:26  Supply Depot  
  86  6:31  SCV x2  
  88  6:33  Orbital Command  
  88  6:36  Factory Tech Lab  
  88  6:37  Factory Tech Lab  
  88  6:38  Hellion x2  
  88  6:39  Factory Tech Lab  
  92  6:43  Factory Tech Lab  
  92  6:44  SCV  
  92  6:45  SCV  
  92  6:51  Banshee  
  95  6:56  SCV  
  95  6:57  SCV  
  95  6:58  Siege Tank  
  95  6:59  Siege Tank  
  101  7:01  Orbital Command  
  101  7:07  Siege Tank  
  104  7:09  SCV, Hellion x2  
  104  7:10  SCV  
  110  7:21  SCV  
  110  7:22  Refinery  
  111  7:26  Refinery  
  111  7:28  SCV x2  
  116  7:37  Supply Depot  
  116  7:38  Supply Depot  
  116  7:39  Supply Depot  
  116  7:41  Supply Depot  
  116  7:42  Thor  
  116  7:43  Supply Depot  
  122  7:44  Thor  
  125  7:59  SCV x3  
  125  8:05  Supply Depot  
  132  8:10  Siege Tank x2  
  132  8:11  SCV x3, Banshee  
  144  8:17  Supply Depot x2  
  144  8:20  Hellbat x2  
  144  8:29  Siege Tank  
  147  8:35  Siege Tank  
  147  8:40  Command Center  
  150  8:42  Hellbat x2  
  154  8:51  Siege Tank  
  157  9:02  SCV x3  
  166  9:06  Supply Depot  
  166  9:07  Supply Depot  
  166  9:09  Command Center  
Show
View Real Time Build Order
Export as new Build Order

A.I. 1 (Elite) Zerg - Winner!

Build Orders: Pool First 

Get SALT Encoding   

  12  0:00  Drone  
  13  0:12  Overlord  
  13  0:17  Drone  
  14  0:31  Drone x2  
  16  0:42  Spawning Pool  
  15  0:45  Drone  
  15  0:49  Drone  
  17  1:13  Hatchery  
  17  1:14  Drone  
  17  1:18  Extractor  
  16  1:19  Drone  
  16  1:22  Drone  
  18  1:28  Drone  
  19  1:38  Overlord  
  19  1:49  Drone  
  19  1:50  Queen  
  22  2:00  Zergling x2  
  23  2:11  Drone  
  23  2:21  Drone  
  24  2:25  Drone  
  24  2:26  Queen  
  27  2:30  Roach Warren  
  27  2:37  Zergling x2  
  26  2:39  Drone  
  26  2:44  Extractor  
  26  2:47  Drone  
  27  2:54  Overlord  
  27  2:57  Drone  
  28  3:01  Drone  
  28  3:04  Drone  
  30  3:07  Zergling x2  
  30  3:11  Drone  
  31  3:14  Drone  
  31  3:19  Zergling x2  
  33  3:22  Zergling x2  
  34  3:28  Roach  
  36  3:35  Lair  
  35  3:46  Spore Crawler  
  34  3:48  Spore Crawler  
  33  3:56  Queen  
  33  4:00  Drone  
  35  4:03  Drone  
  35  4:06  Drone  
  35  4:09  Zergling x2  
  38  4:13  Roach  
  40  4:19  Roach  
  40  4:23  Roach  
  44  4:32  Overlord  
  44  4:37  Metabolic Boost  
  44  4:50  Drone  
  44  4:51  Drone x5  
  44  4:52  Drone  
  51  4:55  Drone  
  52  5:02  Overlord  
  52  5:20  Overlord, Roach x2  
  52  5:21  Overseer, Drone  
  55  5:22  Zergling x2  
  55  5:23  Hydralisk Den  
  55  5:24  Drone  
  55  5:26  Drone  
  57  5:28  Drone  
  57  5:32  Drone  
  57  5:33  Roach  
  57  5:35  Zergling x2  
  53  5:38  Roach  
  53  5:41  Roach  
  57  5:44  Roach  
  57  5:45  Drone  
  57  5:48  Drone  
  57  5:52  Hydralisk, Drone  
  39  6:12  Zergling x2  
  33  6:22  Zergling x2  
  33  6:25  Hydralisk  
  33  6:26  Drone  
  20  7:05  Hatchery  
  13  8:48  Spawning Pool  
Tags
 
Add a new tag
Caveats
  • Supply blocks, unpowered buildings, or Contaminate may cause inaccurate times.
  • Supply counts are checked every 10 seconds.